Description

16 marine drop stim - BuRny

Replay - TvZ maxout build - inclusive 5.00 16 marine drop stim - BuRny - King_Sejong_Station_LE_80

Build Order

Get SALT Encoding   

  12  0:01  SCV  
  13  0:13  SCV  
  14  0:18  Supply Depot  
  14  0:25  SCV  
  15  0:39  SCV  
  15  0:41  Barracks  
  16  0:45  Refinery  
  16  0:51  SCV  
  17  1:04  SCV  
  18  1:16  SCV  
  19  1:28  Barracks Reactor, Orbital Command  
  19  1:44  Command Center  
  19  1:54  SCV  
  19  1:59  Barracks  
  19  2:06  SCV  
  20  2:10  Marine  
  20  2:12  Supply Depot  
  20  2:14  Marine  
  22  2:18  SCV  
  23  2:30  Factory  
  23  2:33  SCV  
  24  2:38  Marine x2  
  24  2:43  Refinery  
  26  2:45  SCV  
  26  2:50  Barracks Tech Lab  
  27  2:55  Marine  
  27  2:58  SCV  
  29  3:00  Orbital Command  
  29  3:08  Stimpack  
  29  3:10  SCV  
  29  3:12  Marine  
  30  3:14  Marine  
  30  3:18  Marine  
  33  3:22  SCV  
  34  3:28  SCV  
  34  3:31  Starport  
  34  3:32  Factory Reactor  
  34  3:34  Marine  
  36  3:36  SCV  
  36  3:39  Marine  
  36  3:40  SCV  
  39  3:45  Supply Depot  
  39  3:46  Marine  
  40  3:48  SCV  
  40  3:51  Marine  
  40  3:53  SCV  
  43  3:57  Marine  
  43  4:01  SCV  
  45  4:05  SCV  
  45  4:06  Marine  
  47  4:11  Supply Depot  
  47  4:13  SCV  
  47  4:15  Medivac x2  
  53  4:17  Marine, SCV  
  53  4:24  Factory Tech Lab  
  54  4:32  Marine x2  
  54  4:33  SCV x2  
  54  4:34  Supply Depot  
  58  4:39  Engineering Bay  
  58  4:41  Engineering Bay  
  58  4:45  SCV x2  
  60  4:46  Supply Depot  
  60  4:55  Siege Tank  
  60  4:57  SCV  
  64  5:00  SCV  
  64  5:03  Refinery  
  65  5:09  SCV  
  65  5:10  Terran Infantry Weapons Level 1  
  65  5:12  Command Center  
  65  5:13  Terran Infantry Armor Level 1  
  66  5:15  SCV  
  67  5:22  Supply Depot  
  67  5:26  Combat Shields  
  67  5:28  SCV x2  
  69  5:30  Refinery  
  69  5:34  Marine  
  69  5:35  Marine x2  
  72  5:40  SCV x2  
  74  5:46  Siege Tank  
  74  5:47  Supply Depot  
  74  5:48  Supply Depot  
  74  5:49  Starport Reactor  
  77  5:52  SCV x2  
  77  5:54  Barracks  
  79  6:03  Barracks  
  79  6:04  SCV x2  
  79  6:07  Barracks  
  81  6:13  Marine  
  81  6:14  Marine  
  81  6:16  Marine, SCV x2  
  86  6:19  Siege Tank  
  86  6:23  Armory  
  86  6:24  Orbital Command  
  89  6:28  SCV x2  
  89  6:31  Marine  
  92  6:35  Marine x2  
  92  6:36  Medivac x2  
  98  6:40  SCV x2  
  100  6:49  Marine  
  100  6:51  Orbital Command  
  100  6:52  SCV  
  100  6:53  Marine, SCV  
  104  6:59  Marine  
  104  7:00  Barracks Reactor, Marine  
  107  7:01  Barracks Reactor, Marine  
  107  7:02  Siege Tank  
  107  7:04  SCV  
  107  7:05  SCV  
  107  7:06  Bunker  
  112  7:08  Supply Depot  
  112  7:09  Supply Depot  
  112  7:10  Terran Infantry Weapons Level 2  
  112  7:11  Refinery  
  112  7:16  SCV  
  112  7:17  SCV  
  112  7:18  Marine, SCV  
  112  7:19  Marine  
  117  7:29  Marine x3, Supply Depot  
  117  7:30  Terran Infantry Armor Level 2, SCV x3  
  117  7:35  Terran Ship Weapons Level 1  
  117  7:36  Marine x2  
  125  7:40  Liberator  
  125  7:42  Marine  
  125  7:43  Marine  
  128  7:44  Supply Depot x2  
  128  7:45  Marine x2  
  128  7:46  Supply Depot  
  128  7:47  Marine x3  
  132  7:53  Siege Tank  
  132  7:54  Marine x2  
  140  8:00  Marine  
  140  8:04  Supply Depot  
  140  8:05  Marine x2, Supply Depot x2  
  141  8:08  Refinery  
  143  8:16  Marine x3  
  143  8:17  Marine  
  143  8:18  Barracks, Marine  
  143  8:19  Marine  
  149  8:20  Barracks  
  149  8:21  Marine  
  149  8:22  Barracks  
  149  8:23  Marine  
  149  8:24  Marine  
  152  8:28  Siege Tank  
  152  8:30  Liberator  
  152  8:33  Supply Depot  
  152  8:34  Marine, Supply Depot  
  155  8:37  Medivac  
  155  8:39  Marine x3  
  155  8:40  Marine  
  162  8:41  Marine  
  162  8:43  Marine  
  167  8:49  Marine  
  167  8:50  Liberator  
  167  8:51  Marine  
  169  8:57  Marine x3  
  169  8:58  Marine  
  169  8:59  Marine  
  169  9:00  Marine, Siege Tank  
  178  9:03  Barracks Reactor  
  178  9:06  Marine  
  178  9:07  Marine x2  
  178  9:09  Marine x2  
  186  9:15  Marine x3  
  186  9:16  Marine  
  190  9:17  Marine  
  190  9:18  Marine  
  192  9:24  Marine x3  
  192  9:27  Marine x2  
  197  9:33  Marine x3  
  197  9:35  Command Center  
  200  9:54  Barracks Reactor x3  
Spawning Tool Build Advisor. Get it on Overwolf

Analysis

16 marine drop stim - BuRny

Go to:

Details

  • Created by: propagare
  • Published on: Aug 27, 2016
  • Modified on: Aug 27, 2016
  • Patch: Pre-3.8.0
Show
View Real Time Build Order
Export as new Build Order

Comments (5)

On Feb. 11, 2017, 3:02 p.m., Doctor  said:

@ImoteKhan: The starport is lifted and builds a second reactor - the first reactor is used for a barracks (so one of the three baracks is build on that reactor)

On Feb. 11, 2017, 3:02 p.m., Doctor  said:

@ImoteKhan: The starport is lifted and builds a second reactor - the first reactor is used for a barracks (so one of the three baracks is build on that reactor)

On Sept. 16, 2016, 1:22 p.m., ImoteKhan  said:

@jojononothanks for your reply. I am aware of the switch on the facory and starport add-ons. my question is the second reactor in the build order. it is a typo or the second starport is not in the build order. unless the startport reactor at 5:49 is just a reminder to switch the factory and starport. if that is the case it is a little late.

I think the 2nd Reactor @5:49 was supposed to be a starport build start or a second reactor for your second startport. however, I prefer a second starport with a tech lab.

On Sept. 10, 2016, 8:38 p.m., jojonono  said:

@ImoteKhan if you time it right the reactor on the factory will finish at the same time as the starport. You can then switch the factory and starport to make double medivacs. Don't forget to create a tech lab as you land with the factory to get siege tanks.

On Sept. 5, 2016, 10:51 p.m., ImoteKhan  said:

I am probably just a n00b, but whats with the factory reactor then tech lab @3:32 and 4:24 respectively and then starport reactor @5:49. I already have the starport on the first factory reactor and then I leave the factory on the tech lab. So what is the second starport reactor about?

Create an account to comment!